 Dungeon Crawl Stone Soup version 0.25.1-2-g60ff931df9 (webtiles) character file.

Game seed: 14133616566100797044

172 Erymatos the Chopper (level 5, -5/72 HPs)
             Began as a Minotaur Berserker on Oct 31, 2020.
             Was a Believer of Trog.
             Engulfed by a cloud of flame (15 damage)
             ... on level 3 of the Dungeon.
             The game lasted 00:01:55 (2396 turns).

Erymatos the Chopper (Minotaur Berserker)           Turns: 2396, Time: 00:01:55

Health: -5/72      AC:  6    Str: 22    XL:     5   Next: 27%
Magic:  4/4        EV: 11    Int:  4    God:    Trog [**....]
Gold:   170        SH:  0    Dex: 10    Spells: 4/4 levels left

rFire    . . .     SeeInvis .   a - +0 hand axe
rCold    . . .     Gourm    .   (no shield)
rNeg     . . .     Faith    .   i - +0 scale mail
rPois    .         Spirit   .   (helmet restricted)
rElec    .         Reflect  .   (no cloak)
rCorr    .         Harm     .   (no gloves)
MR       .....                  (no boots)
Stlth    ..........             (no amulet)
HPRegen  0.22/turn              (no ring)
MPRegen  0.09/turn              (no ring)

@: berserking, very quick
A: retaliatory headbutt, horns 2
a: Berserk, Trog's Hand, Renounce Religion


You were on level 3 of the Dungeon.
You worshipped Trog.
Trog was pleased with you.
You were near starving.

You visited 1 branch of the dungeon, and saw 3 of its levels.

You collected 170 gold pieces.

Inventory:

Hand Weapons
 a - a +0 hand axe (weapon)
Armour
 b - a +0 animal skin
 i - a +0 scale mail (worn)
Jewellery
 o - a +4 ring of protection {unknown}
 p - an uncursed ring of wizardry {unknown}
Scrolls
 e - a scroll of enchant weapon {unknown}
 f - a scroll of teleportation {unknown}
 g - 2 scrolls of remove curse {unknown}
 h - a scroll of blinking {unknown}
 l - a scroll of immolation {unknown}
 m - a scroll of identify {unknown}
 q - a scroll of fog {unknown}
Potions
 j - a potion of lignification {unknown}
 k - a potion of haste {unknown}
 n - a potion of resistance {unknown}
Comestibles
 c - 6 rations
 d - 5 chunks of flesh


   Skills:
 + Level 5.0 Fighting
 + Level 5.3 Axes
 + Level 2.8 Armour
 + Level 3.3 Dodging
 - Level 0.3 Stealth


You had 4 spell levels left.
You didn't know any spells.
Your spell library was empty.

Dungeon Overview and Level Annotations

Branches:
Dungeon (3/15)

Altars:
Elyvilon
Fedhas
Okawaru
Uskayaw
Xom
Yredelemnul


Innate Abilities, Weirdness & Mutations

You reflexively headbutt those who attack you in melee.
You have a pair of horns on your head.


Message History

Ijyb is almost dead.
You are engulfed in blazing flames.
Ijyb zaps a wand.
Ijyb creates a blast of freezing vapour!
You're standing in a cloud of flame!
You are too injured to fight recklessly!
Unknown command.
You're standing in a cloud of flame!
You are too injured to fight recklessly!
A red film seems to cover your vision as you go berserk!
You feel yourself moving faster!
You feel mighty!
You are near starving!
You are engulfed in blazing flames.
* * * LOW HITPOINT WARNING * * *
Ijyb misses you.
You slash Ijyb!
You kill Ijyb!
Trog accepts your kill.
Your Fighting skill increases to level 5!
You are engulfed in blazing flames.
You die...

# ##### ## ... #...
..####
.....###§#########....#
..[..g)@§§§...........#
.....###§#########....
... #.# #.#.# # # #.#
#####.#.### #.#
#..>.....## #.#
#.###.#..## #.# #.#
#.#..## #.# #.# #.#..##
#.# #.# #.#..##


You could see a hobgoblin.

Vanquished Creatures
  Terence (D:2)
  Ijyb (D:3)
  5 adders
  2 worms (D:2)
  2 leopard geckos
  A ball python (D:1)
  4 bats
  3 giant cockroaches
  7 goblins
  9 hobgoblins
  12 jackals
  7 kobolds
  A quokka (D:3)
  2 frilled lizards
  9 rats
66 creatures vanquished.

Notes
Turn   | Place    | Note
-------+----------+-------------------------------------------
     0 | D:1      | Erymatos the Minotaur Berserker began the quest for the
                  | Orb.
     0 | D:1      | Reached XP level 1. HP: 19/19 MP: 0/0
   206 | D:1      | Reached XP level 2. HP: 12/27 MP: 1/1
  1005 | D:1      | Reached XP level 3. HP: 33/33 MP: 2/2
  1265 | D:2      | Reached ** piety under Trog
  1356 | D:2      | Reached XP level 4. HP: 35/41 MP: 3/3
  1785 | D:2      | Found a faded altar of an unknown god.
  1795 | D:2      | Found a shimmering altar of Xom.
  1797 | D:2      | Noticed Terence
  1798 | D:2      | Found an iron altar of Okawaru.
  1798 | D:2      | Found a stormy altar of Qazlal.
  1800 | D:2      | Found a hide-covered altar of Uskayaw.
  1800 | D:2      | Found a shimmering altar of Xom.
  1800 | D:2      | Found a blossoming altar of Fedhas.
  1807 | D:2      | Killed Terence
  1807 | D:2      | Reached skill level 5 in Axes
  2015 | D:2      | Found a basalt altar of Yredelemnul.
  2161 | D:3      | Reached XP level 5. HP: 47/47 MP: 4/4
  2269 | D:3      | Found a white marble altar of Elyvilon.
  2387 | D:3      | Noticed Ijyb
  2396 | D:3      | Killed Ijyb
  2396 | D:3      | Reached skill level 5 in Fighting
  2396 | D:3      | Engulfed by a cloud of flame

Illustrated notes

Levels and vault maps discovered:
D:1:      dpeg_arrival_three_same_balls, layout_basic, st_stairs_14,
          minmay_pentomino_u2
D:2:      layout_rooms, lemuel_doored_altar, chequers_ecumenical_altar_twisty,
          hex_tiny, doesnt_xom_only_xom, uniq_terence
D:3:      layout_loops_ring, elyvilon_altar_5, uniq_ijyb

Skill      XL: |  1  2  3  4  5 |
---------------+----------------+-----
Axes           | 4 5 |  5.3
Fighting       | 4 5 |  5.0
Dodging        | 3 |  3.3
Armour         | |  2.8
Stealth        | |  0.3

Action                   |  1- 3 |  4- 6 || total
-------------------------+-------+-------++-------
Melee: Hand axe          |    71 |    55 ||   126
       Headbutt          |     9 |    13 ||    22
Invok: Berserk           |       |     2 ||     2
 Stab: Sleeping          |     2 |       ||     2
  Eat: Chunk             |     1 |     4 ||     5
Armor: Animal skin       |    10 |     3 ||    13
       Scale mail        |       |    15 ||    15
Dodge: Dodged            |    55 |    50 ||   105
